 Dungeon Crawl Stone Soup version 0.23.2-11-gf996548c65 (webtiles) character file.

Game seed: 801278887071074117

37156 zeedtz the Severer (level 13, -1/114 HPs)
             Began as a Hill Orc Fighter on June 2, 2019.
             Was a High Priest of Okawaru.
             Killed from afar by a manticore (20 damage)
             ... with a volley of spikes
             ... on level 1 of the Shoals on June 3, 2019.
             The game lasted 01:46:49 (24440 turns).

zeedtz the Severer (Hill Orc Fighter)              Turns: 24440, Time: 01:46:53

Health: -1/114     AC: 15    Str: 24      XL:     13   Next: 94%
Magic:  0/13       EV:  8    Int: 11      God:    Okawaru [*****.]
Gold:   343        SH: 20    Dex:  9 (10) Spells: 12/12 levels left

rFire    x . .     SeeInvis .   P - +8 hand axe of Ipheuzichu {elec, Int+3}
rCold    + . .     Gourm    .   c - +1 shield
rNeg     . . .     Faith    .   S - +0 plate armour
rPois    .         Spirit   .   (no helmet)
rElec    .         Reflect  +   (no cloak)
rCorr    .         Harm     .   (no gloves)
MR       .....                  (no boots)
Stlth    ..........             e - +5 amulet of reflection
HPRegen  0.29/turn              w - +3 ring of slaying
MPRegen  0.13/turn              f - ring of ice

@: barbed spikes, very slightly contaminated
A: no striking features
a: Heroism, Finesse, Renounce Religion


You were on level 1 of the Shoals.
You worshipped Okawaru.
Okawaru was extremely pleased with you.
You were hungry.

You visited 6 branches of the dungeon, and saw 20 of its levels.
You also visited: Ossuary and Ice Cave.

You collected 1865 gold pieces.
You spent 1522 gold pieces at shops.

Inventory:

Hand Weapons
 a - a +1 war axe
 s - a +2 antimagic spear
 u - a +1 hand axe of electrocution
 x - a +1 spear of venom
 E - a +2 rapier of holy wrath
 P - the +8 hand axe of Ipheuzichu (weapon) {elec, Int+3}
   (You bought it in a shop on level 2 of the Orcish Mines)

   Occasionally, upon striking a foe, it will discharge some electrical energy
   and cause terrible harm.
   It affects your intelligence (+3).
Armour
 c - a +1 shield (worn)
 o - a +0 pair of boots
 A - a +4 scale mail of fire resistance
 B - a +0 chain mail of cold resistance
 S - a +0 plate armour (worn)
Jewellery
 e - a +5 amulet of reflection (around neck)
 f - a ring of ice (right hand)
 g - an uncursed ring of stealth
 r - an uncursed amulet of faith
 t - an uncursed amulet of the acrobat
 w - a +3 ring of slaying (left hand)
 G - an uncursed amulet of regeneration
 K - a +6 ring of protection
 R - an uncursed ring of protection from fire
Wands
 b - a wand of acid (11)
 j - a wand of random effects (34)
 v - a wand of iceblast (12)
 J - a wand of enslavement (17)
 T - a wand of polymorph (2)
 X - a wand of clouds (5)
Scrolls
 h - 5 scrolls of enchant armour
 p - 8 scrolls of teleportation
 q - 7 scrolls of remove curse
 y - 2 scrolls of amnesia
 C - 2 scrolls of holy word
 D - 6 scrolls of fog
 M - 5 scrolls of enchant weapon
 O - 2 scrolls of identify
 Q - a scroll of noise {unknown}
 V - 2 scrolls of blinking
Potions
 d - 8 potions of might
 i - a potion of ambrosia
 l - 3 potions of flight
 m - 5 potions of curing
 n - 4 potions of cancellation
 z - 5 potions of haste
 H - a potion of agility
 I - 4 potions of brilliance
 L - 2 potions of berserk rage
 N - 2 potions of invisibility {unknown}
 W - 3 potions of heal wounds
Comestibles
 k - 18 rations


   Skills:
 + Level 10.4 Fighting
 - Level 15.9(16.0) Axes
 - Level 2.4(9.5) Polearms
 + Level 12.2 Armour
 + Level 2.6 Dodging
 - Level 1.0 Stealth
 + Level 14.9 Shields
 + Level 0.2 Evocations


You had 12 spell levels left.
You didn't know any spells.
Your spell library contained the following spells:

 Spells                   Type           Power        Failure   Level  Hunger
 Animate Skeleton         Necr           N/A          98%         1    ##.....
 Apportation              Tloc           #.....       98%         1    ##.....
 Confusing Touch          Hex            #.....       98%         1    ##.....
 Corona                   Hex            #......      98%         1    ##.....
 Infusion                 Chrm           #...         98%         1    ##.....
 Magic Dart               Conj           #...         98%         1    ##.....
 Shock                    Conj/Air       #...         98%         1    ##.....
 Summon Small Mammal      Summ           #...         98%         1    ##.....
 Blink                    Tloc           N/A          99%         2    ###....
 Call Imp                 Summ           #.......     99%         2    ###....
 Ensorcelled Hibernation  Hex/Ice        #.....       99%         2    ###....
 Shroud of Golubria       Chrm/Tloc      #.........   99%         2    ###....
 Slow                     Hex            #.......     99%         2    ###....
 Song of Slaying          Chrm           #.......     99%         2    ###....
 Swiftness                Chrm/Air       #.......     99%         2    ###....
 Confuse                  Hex            #.......     100%        3    ####...
 Conjure Flame            Conj/Fire      #.......     100%        3    ####...
 Dazzling Spray           Conj/Hex       #.....       100%        3    ####...
 Mephitic Cloud           Conj/Pois/Air  #.......     100%        3    ####...
 Regeneration             Chrm/Necr      #.........   100%        3    ####...
 Spectral Weapon          Hex/Chrm       #.......     100%        3    ####...
 Static Discharge         Conj/Air       #.......     100%        3    ####...
 Tukima's Dance           Hex            #.......     100%        3    ####...
 Airstrike                Air            #.........   100%        4    #####..
 Leda's Liquefaction      Hex/Erth       #.........   100%        4    #####..
 Bolt of Magma            Conj/Fire/Erth #.........   100%        5    ######.
 Lightning Bolt           Conj/Air       #.........   100%        5    ######.
 Iron Shot                Conj/Erth      #.........   100%        6    #######
 Statue Form              Tmut/Erth      #........    100%        6    #######
 Shatter                  Erth           #.........   100%        9    #######


Dungeon Overview and Level Annotations

Branches:
Dungeon (12/15)            Temple (1/1) D:6            Lair (3/6) D:9
 Shoals (1/4) Lair:3       Spider (0/4) Lair:2          Orc (2/2) D:11
    Elf (1/3) Orc:2

Altars:
Ashenzari
Cheibriados
Dithmenos
Elyvilon
Fedhas
Gozag
Hepliaklqana
Kikubaaqudgha
Makhleb
Nemelex Xobeh
Okawaru
Qazlal
Ru
Sif Muna
Trog
Uskayaw
Vehumet
Wu Jian
Xom
Yredelemnul
Zin
The Shining One

Shops:
D:9 =   Orc:2 (!((

Annotations:
D:11 3 runed translucent doors, exclusion: 3 doors, barcode's ghost, journeyman HuGl
Lair:1 exclusion: oklob plant


Message History

The barbed spikes become lodged in your body.
Blink to where?
Press: ? - help, Dir - move target cursor You are very lightly contaminated with residual magic.
As you read the scroll of blinking, it crumbles to dust.
The barbs in your skin will harm you if you move.
Continue?
The barbed spikes dig painfully into your body as you move.
* * * LOW HITPOINT WARNING * * *
The manticore flicks its tail.
The volley of spikes hits you!
The barbed spikes become lodged in your body.
* * * LOW HITPOINT WARNING * * *
There is a staircase back to the Lair here.
You feel better.
You feel you are being watched by something.
You feel your power leaking away.
The manticore flicks its tail.
The volley of spikes hits you!!
The barbed spikes become lodged in your body.
You die...

≈≈≈≈≈≈.... .....≈≈
≈≈≈≈≈..(.# ...≈≈≈
≈≈≈≈...≈.#### ..≈≈≈
≈≈≈≈≈≈.≈....## #†.≈.
≈≈≈≈≈..≈.....### ##....
≈≈≈≈≈.≈≈.......## #...≈.
≈≈≈.^≈≈.........###..≈≈.
≈≈≈..≈≈...##...÷.....≈≈.
≈≈≈≈≈≈≈@...#...........≈
≈≈≈≈≈≈≈≈.≈≈≈...##...≈..≈
≈≈≈≈≈≈≈≈≈≈≈≈≈≈..##......
≈≈≈≈≈≈≈≈≈≈H≈....≈....#..
≈≈≈≈≈≈≈≈≈≈.....§≈≈.....≈
≈≈≈≈≈≈≈≈≈≈...≈≈≈.≈≈...≈≈
≈≈≈≈≈≈≈≈≈≈≈..≈≈≈...).≈≈≈
≈≈≈≈≈≈≈≈≈≈≈≈≈≈≈≈≈...≈≈≈≈
≈≈≈≈≈≈.≈≈...≈≈≈≈


You could see a manticore.

Vanquished Creatures
  Gastronok (Lair:2)
  Harold (D:9)
  A hydra (Lair:2)
  A two-headed ogre (D:11)
  3 orc high priests
  An unseen horror (D:12)
  A sea snake (Shoals:1)
  5 skeletal warriors (D:11)
  4 orc knights
  Pikel (D:8)
  3 deep elf magi (Orc:2)
  4 orc sorcerers (Orc:1)
  3 manticores
  Joseph (D:9)
  3 elephants (Lair:2)
  2 black mambas
  A merfolk siren (Lair:3)
  3 spiny frogs
  2 ice devils (Lair:2)
  A meliai (shapeshifter) (D:12)
  A merfolk (Shoals:1)
  A wind drake (Shoals:1)
  4 trolls
  Grinder (D:5)
  A snapping turtle (Shoals:1)
  5 hippogriffs
  3 blink frogs (Lair:3)
  A spriggan (D:10)
  A shadow (D:11)
  A wyvern (D:12)
  29 yaks
  A wraith (D:10)
  A hungry ghost (D:12)
  6 basilisks
  A warg (D:11)
  Duvessa (D:5)
  3 water moccasins
  7 porcupines
  3 ice beasts
  19 orc warriors
  A phantom (D:6)
  2 sky beasts
  A necrophage (D:9)
  8 ogres
  7 wolves
  4 centaurs
  9 crocodiles
  4 bullfrogs
  Dowan (D:5)
  A scorpion (D:10)
  5 crimson imps
  2 bullfrog zombies (D:12)
  2 centaur zombies
  4 hounds
  16 orc priests
  4 quasits
  A jelly (D:5)
  21 orc wizards
  2 bullfrog skeletons
  3 centaur skeletons
  A gnoll shaman (D:5)
  3 iguanas
  Natasha (thrice) (D:2)
  5 worker ants
  3 hound zombies
  3 hound skeletons (D:6)
  13 mummies (Ossuary)
  2 worker ant zombies
  9 gnolls
  A howler monkey skeleton (D:3)
  11 adders
  An ooze (D:7)
  2 adder zombies
  An adder skeleton (D:9)
  4 worms
  4 dart slugs
  3 leopard geckos
  70 orcs
  4 giant cockroaches
  11 goblins
  8 hobgoblins
  17 jackals
  9 kobolds
  5 quokkas
  2 ball pythons
  9 bats
  7 frilled lizards
  2 gnoll skeletons (Ossuary)
  A goblin skeleton (Ossuary)
  A jackal skeleton (D:9)
  2 kobold skeletons (Ossuary)
  3 orc skeletons (Ossuary)
  2 quokka skeletons
  12 rats
  11 rat skeletons (Ossuary)
  A bush (Lair:2)
  3 fungi
479 creatures vanquished.

Vanquished Creatures (others)
  Sonja (Lair:2)
  A sky beast (D:12)
  5 fungi
  5 plants
12 creatures vanquished.

Grand Total: 491 creatures vanquished

Notes
Turn   | Place    | Note
-------+----------+-------------------------------------------
     0 | D:1      | zeedtz the Hill Orc Fighter began the quest for the Orb.
     0 | D:1      | Reached XP level 1. HP: 19/19 MP: 1/1
    94 | D:1      | Reached XP level 2. HP: 21/27 MP: 2/2
   344 | D:1      | Reached skill level 3 in Axes
   421 | D:1      | Reached XP level 3. HP: 26/33 MP: 3/3
  1100 | D:2      | Noticed Natasha
  1109 | D:2      | Reached skill level 4 in Axes
  1109 | D:2      | Reached XP level 4. HP: 30/40 MP: 4/4
  1111 | D:2      | Killed Natasha
  1118 | D:1      | Reached skill level 5 in Axes
  1398 | D:2      | Noticed Natasha
  1406 | D:2      | Reached XP level 5. HP: 39/46 MP: 5/5
  1418 | D:2      | Killed Natasha
  1568 | D:2      | Noticed Natasha
  1576 | D:2      | Killed Natasha
  2275 | D:3      | Found a blossoming altar of Fedhas.
  2541 | D:3      | Reached XP level 6. HP: 52/52 MP: 6/6
  3586 | D:5      | Entered Level 5 of the Dungeon
  3629 | D:5      | Reached skill level 1 in Dodging
  3873 | D:5      | Found a shimmering altar of Xom.
  4069 | D:5      | Reached skill level 6 in Axes
  4252 | D:4      | Reached XP level 7. HP: 43/60 MP: 7/7
  4410 | D:4      | Reached skill level 7 in Axes
  5185 | D:5      | Found an ornate altar of the Wu Jian Council.
  5206 | D:5      | Reached skill level 8 in Axes
  5306 | D:5      | Reached skill level 5 in Armour
  5333 | D:5      | Found a deep blue altar of Sif Muna.
  5636 | D:6      | Found a sparkling altar of Nemelex Xobeh.
  5748 | D:6      | Reached skill level 5 in Shields
  5748 | D:6      | Reached XP level 8. HP: 66/67 MP: 8/8
  5945 | D:6      | Reached skill level 9 in Axes
  6151 | D:6      | Found a sparkling altar of Nemelex Xobeh.
  6170 | D:5      | Found a sparkling altar of Nemelex Xobeh.
  6170 | D:5      | Found a shadowy altar of Dithmenos.
  6246 | D:6      | Noticed Grinder
  6270 | D:5      | Killed Grinder
  6270 | D:5      | Reached skill level 5 in Fighting
  6270 | D:5      | Reached skill level 10 in Axes
  6534 | D:6      | Found a staircase to the Ecumenical Temple.
  6620 | D:6      | Noticed Dowan
  6624 | D:6      | Noticed Duvessa
  6868 | D:5      | Killed Duvessa
  6868 | D:5      | Reached XP level 9. HP: 53/74 MP: 9/9
  6868 | D:5      | Killed Dowan
  7089 | Temple   | Entered the Ecumenical Temple
  7184 | D:7      | Found a hide-covered altar of Uskayaw.
  7701 | D:7      | Reached skill level 11 in Axes
  8161 | D:8      | Noticed Pikel
  8278 | D:8      | Found a sand-covered staircase.
  8286 | Ossuary  | Entered an ossuary
  8926 | D:8      | Reached skill level 12 in Axes
  9010 | D:8      | Killed Pikel
  9010 | D:8      | Reached XP level 10. HP: 80/83 MP: 10/10
  9493 | D:9      | Noticed Joseph
  9498 | D:9      | Noticed Harold
  9611 | D:9      | Found Ellasomp's Jewellery Shop.
  9658 | D:9      | Reached skill level 13 in Axes
  9774 | D:9      | Found a staircase to the Lair.
  9902 | D:9      | Killed Joseph
 10256 | D:9      | Killed Harold
 10594 | D:9      | Noticed a moth of wrath
 10602 | D:9      | Found a bloodstained altar of Trog.
 10729 | Lair:1   | Entered Level 1 of the Lair of Beasts
 10742 | Lair:1   | Reached skill level 14 in Axes
 10742 | Lair:1   | Reached XP level 11. HP: 84/91 MP: 11/11
 11279 | Lair:1   | Noticed an oklob plant
 12070 | Lair:2   | Found a frozen archway.
 12205 | IceCv    | Entered an ice cave
 12205 | IceCv    | Noticed a white ugly thing
 12262 | Lair:1   | Reached skill level 10 in Shields
 12319 | D:10     | Entered Level 10 of the Dungeon
 13815 | D:11     | Found a runed translucent gate.
 13815 | D:11     | Found a runed translucent gate.
 13815 | D:11     | Found a runed translucent gate.
 14077 | D:11     | Found a staircase to the Orcish Mines.
 14415 | D:11     | Noticed a manticore
 14475 | Orc:1    | Entered Level 1 of the Orcish Mines
 15051 | D:11     | Killed a manticore
 15051 | D:11     | Reached XP level 12. HP: 74/101 MP: 12/12
 15155 | D:11     | Noticed a two-headed ogre
 15160 | D:11     | Killed a two-headed ogre
 15220 | D:9      | Bought a +3 ring of slaying for 540 gold pieces
 15331 | Orc:1    | Reached skill level 15 in Axes
 15345 | Orc:1    | Found an iron altar of Okawaru.
 15817 | Orc:2    | Entered Level 2 of the Orcish Mines
 15978 | Orc:1    | Reached skill level 10 in Armour
 16205 | Orc:2    | Found a staircase to the Elven Halls.
 16218 | Elf:1    | Entered Level 1 of the Elven Halls
 16218 | Elf:1    | Noticed a deep elf knight
 17145 | Orc:2    | Noticed an orc high priest
 17148 | Orc:2    | Paralysed by an orc sorcerer for 6 turns
 17153 | Orc:2    | Noticed a sun demon
 17153 | Orc:2    | Noticed a soul eater
 17494 | Orc:1    | Killed an orc high priest
 17781 | Orc:2    | Noticed an orc high priest
 17781 | Orc:2    | Noticed an orc high priest
 18270 | Orc:2    | Killed an orc high priest
 18312 | Orc:2    | Noticed a sun demon
 18324 | Orc:2    | HP: 1/103 [something (19)]
 18817 | Orc:2    | Killed an orc high priest
 18844 | Orc:2    | Found Juejyac's Distillery.
 18844 | Orc:2    | Found Sexkor's Weapon Shop.
 18846 | Orc:2    | Found Voireugh's Antique Weapon Shop.
 18846 | Orc:2    | Found Vugifae's Weapon Shoppe.
 18864 | Orc:2    | Bought the +8 hand axe of Ipheuzichu {elec, Int+3} for 912
                  | gold pieces
 18871 | Orc:2    | Bought a potion of berserk rage for 70 gold pieces
 18947 | Orc:1    | Became a worshipper of Warmaster Okawaru
 18995 | Elf:1    | Noticed a deep elf knight
 19369 | D:11     | Reached skill level 1 in Stealth
 19369 | D:11     | Reached XP level 13. HP: 79/111 MP: 13/13
 19613 | D:11     | Reached * piety under Okawaru
 19648 | D:11     | Noticed barcode's ghost (journeyman HuGl)
 20294 | D:11     | Reached ** piety under Okawaru
 20961 | D:12     | Found a radiant altar of Vehumet.
 21701 | Lair:2   | Noticed Sonja
 21714 | Lair:2   | Killed Sonja
 21864 | Lair:2   | Found a hole to the Spider Nest.
 22128 | Lair:2   | Reached skill level 1 in Polearms
 22139 | Lair:2   | Reached *** piety under Okawaru
 22447 | Lair:2   | Noticed Gastronok
 22805 | Lair:2   | Killed Gastronok
 22805 | Lair:2   | Reached skill level 10 in Fighting
 23190 | Lair:3   | Reached **** piety under Okawaru
 23783 | Lair:3   | Found a staircase to the Shoals.
 24117 | Shoals:1 | Entered Level 1 of the Shoals
 24406 | Shoals:1 | Reached ***** piety under Okawaru
 24410 | Shoals:1 | Noticed a merfolk impaler
 24435 | Shoals:1 | a merfolk impaler changed into something unseen
 24440 | Shoals:1 | Killed from afar by a manticore

Skill      XL: |  1  2  3  4  5  6  7  8  9 10 11 12 13 |
---------------+----------------------------------------+-----
Axes           | 3 4 5 6 8 10 12 14 15 | 15.9
Fighting       | 4 5 6 8 9 10 | 10.4
Armour         | 4 5 6 8 9 10 12 | 12.2
Shields        | 4 5 6 8 9 11 13 14 | 14.9
Dodging        | 1 2 |  2.6
Stealth        | 1 |  1.0
Polearms       | 2 |  2.4
Evocations     | |  0.2

Action                   |  1- 3 |  4- 6 |  7- 9 | 10-12 | 13-15 || total
-------------------------+-------+-------+-------+-------+-------++-------
Melee: War axe           |   114 |   207 |   303 |       |       ||   624
       Hand axe          |       |       |   180 |   846 |   275 ||  1301
       Spear             |       |       |       |       |    24 ||    24
Evoke: Wand              |       |       |     1 |     3 |     4 ||     8
  Use: Scroll            |       |    13 |     9 |    11 |     1 ||    34
       Potion            |       |       |     1 |     3 |     1 ||     5
  Eat: Ration            |     1 |     1 |     4 |     5 |     2 ||    13
       Chunk             |       |     4 |     3 |    17 |     7 ||    31
Armor: Scale mail        |    48 |    94 |    13 |       |       ||   155
       Chain mail        |       |       |   220 |    75 |       ||   295
       Plate armour      |       |       |       |    88 |    90 ||   178
Dodge: Dodged            |    46 |    68 |   135 |    93 |    25 ||   367
Block: Shield            |    68 |   121 |   295 |   391 |   194 ||  1069
       Reflection        |       |       |       |     6 |    10 ||    16
